 Dungeon Crawl Stone Soup version 0.29-a0-973-gac7da5f7f0 (webtiles) character file.

Game seed: 18110427734414315407

31896 cbfl8 the Fighter (level 13, -8/119 HPs)
             Began as a Minotaur Berserker on July 30, 2022.
             Was a High Priest of Trog.
             Killed by divine providence
             ... invoked by a meliai
              (13 damage)
             ... on level 14 of the Dungeon on July 31, 2022.
             The game lasted 00:29:45 (19336 turns).

cbfl8 the Fighter (Minotaur Berserker)             Turns: 19336, Time: 00:29:45

Health: -8/119     AC: 18    Str: 27    XL:     13   Next: 28%
Magic:  12/12      EV: 14    Int:  4    God:    Trog [*****.]
Gold:   1291       SH:  0    Dex: 16    Spells: 12/12 levels left

rFire   + . .      SeeInvis .   O - +2 battleaxe
rCold   + . .      Faith    +   (shield currently unavailable)
rNeg    . . .      Spirit   .   f - +0 storm dragon scales
rPois   +          Reflect  .   P - +0 hat {Stlth+}
rElec   +          Harm     .   R - +0 cloak
rCorr   +          Rampage  .   y - +0 pair of gloves
Will    .....                   (no boots)
Stlth   ..........              H - amulet of faith
HPRegen 0.29/turn               M - +6 ring of strength
MPRegen 0.13/turn               q - +4 ring of slaying

@: lethally poisoned (-8 -> -27), resistant
A: horns 2, retaliatory headbutt
a: Renounce Religion, Berserk, Trog's Hand, Brothers in Arms


You were on level 14 of the Dungeon.
You worshipped Trog.
Trog was extremely pleased with you.
You visited 1 branch of the dungeon, and saw 14 of its levels.
You also visited: Bailey.

You collected 1406 gold pieces.
You spent 115 gold pieces at shops.

Inventory:

Hand Weapons
 j - a +0 flail of draining
 O - a +2 battleaxe (weapon)
Missiles
 J - 7 throwing nets
Armour
 f - +0 storm dragon scales (worn)
 t - the +2 scale mail "Ygarhes" {rElec Dex+4 Slay+2}
   (You found it on level 13 of the Dungeon)

   Dex:       It affects your dexterity (+4).
   Slay:      It affects your accuracy & damage with ranged weapons and melee
   (+2).
   rElec:     It insulates you from electricity.
 y - a +0 pair of gloves (worn)
 L - a +0 crystal plate armour
 P - a +0 hat of stealth (worn)
 R - a +0 cloak (worn)
Jewellery
 o - a ring of willpower
 q - a +4 ring of slaying (right hand)
 H - an amulet of faith (around neck)
 M - a +6 ring of strength (left hand)
 Q - a ring of resist corrosion
 U - a ring of ice
Wands
 u - a wand of mindburst (11) (quivered)
 D - a wand of polymorph (7)
 F - a wand of flame (57)
 S - a wand of acid (7)
Scrolls
 a - 2 scrolls of teleportation
 b - a scroll of magic mapping {unknown}
 d - a scroll of noise
 h - 4 scrolls of enchant armour
 k - 6 scrolls of poison
 s - 2 scrolls of enchant weapon
 w - 2 scrolls of silence
 x - 3 scrolls of fog
 C - 4 scrolls of fear
Potions
 c - 2 potions of flight {unknown}
 e - 5 potions of invisibility
 g - a potion of experience {unknown}
 i - 5 potions of curing
 l - a potion of resistance
 m - 3 potions of cancellation {unknown}
 n - 2 potions of might {unknown}
 p - 2 potions of magic {unknown}
 z - 2 potions of brilliance {unknown}
 A - a potion of lignification {unknown}
 B - a potion of heal wounds {unknown}
 G - 2 potions of attraction {unknown}
 K - a potion of haste {unknown}
 N - 3 potions of degeneration {unknown}
 T - a potion of mutation


   Skills:
 * Level 12.7 Fighting
 + Level 11.8(13.6) Axes
 + Level 3.6(8.4) Maces & Flails
 + Level 10.6(12.8) Polearms
 + Level 11.8 Armour
 * Level 10.2 Dodging
 + Level 2.1 Stealth
 + Level 2.3 Shields
 * Level 7.4 Evocations


You had 12 spell levels left.
You didn't know any spells.
Your spell library was empty.

Dungeon Overview and Level Annotations

Branches:
Dungeon (14/15)            Temple (0/1) D:5            Lair (0/5) D:9
    Orc (0/2) D:9          Vaults (0/5) D:13         Bailey (visited)

Altars:
Cheibriados
Gozag
Sif Muna
Trog
Wu Jian
Yredelemnul

Shops:
D:9 :   D:10 [**[(

Annotations:
D:8 3 runed translucent doors
D:9 2 transporters, frimble's ghost, novice DsHW


Innate Abilities, Weirdness & Mutations

You have a pair of horns on your head.
You reflexively headbutt those who attack you in melee.


Message History

a +0 short sword; a +0 shortbow; 13 gold pieces You miss the meliai.
You headbutt the meliai!
The meliai is heavily wounded.
You slice the meliai!! The meliai misses you.
The meliai stings you but does no damage.
The meliai hits you but does no damage. The meliai barely misses you.
The meliai hits you with a +0 vorpal war axe.
The meliai barely misses you.
The meliai calls upon its god to heal the meliai.
The meliai is healed somewhat.
You hit the meliai.
The meliai is heavily wounded.
You barely miss the meliai. The meliai hits you but does no damage.
The meliai barely misses you.
The meliai invokes the aid of its god against you.
Something smites you!
The meliai calls down the wrath of its god upon you.
Something smites you! The meliai misses you.
The meliai stings you but does no damage.
The meliai barely misses you. The meliai stings you.
You are poisoned.
The meliai poisons you!
The meliai calls upon its god to heal the meliai.
The meliai is healed somewhat.
The meliai mumbles some strange prayers to its god against you.
Something smites you!
The meliai calls upon its god to heal the meliai.
The meliai is healed somewhat.
It was a potion of resistance.
You feel protected.
You feel very sick.
The meliai hits you with a +0 vorpal war axe!
* * * LOW HITPOINT WARNING * * *
x2 The meliai barely misses you.
The meliai invokes the aid of its god against you.
Something smites you!
* * * LOW HITPOINT WARNING * * *
The meliai calls down the wrath of its god upon you.
Something smites you!
You die...

#......#
#......#
###'####
#.# #.#
#.# #.#
#.# #@#
#..yy#
#.##y#
#. #.# #
#c# ..#
..# ..#


You could see a centaur warrior and 3 meliai.

Vanquished Creatures
  Gastronok (D:8)
  4 boulder beetles
  2 vault guards (D:13)
  A hydra (D:13)
  2 centaur warriors
  4 two-headed ogres
  Nergalle (D:10)
  An ugly thing (D:13)
  4 necromancers (D:13)
  A cyclops (D:13)
  2 manticores
  Maurice (D:8)
  Joseph (D:7)
  2 gargoyles
  A komodo dragon (D:12)
  An unseen horror (D:13)
  An efreet (D:11)
  2 kobold demonologists
  4 trolls
  A hornet (D:7)
  Grinder (D:6)
  6 slime creatures (D:13)
  2 shadows
  A vampire (D:12)
  A wraith (D:10)
  18 humans (D:13)
  17 yaks
  Eustachio (D:4)
  A steam dragon (D:6)
  Menkaure (D:6)
  7 vampire mosquitoes
  2 wargs (D:9)
  2 acid dragons
  3 water moccasins
  Duvessa (D:5)
  4 orc warriors
  A black bear (D:6)
  An ice beast (D:5)
  A sky beast (D:6)
  3 ogres
  6 wolves (Bailey)
  8 centaurs
  4 bullfrogs
  11 gnoll sergeants
  8 kobold brigands
  2 scorpions (D:5)
  A necrophage (D:7)
  13 wights
  Dowan (D:5)
  17 killer bees
  2 electric eels
  6 howler monkeys
  4 hounds
  4 orc priests
  7 gnoll boudas
  6 iguanas
  7 orc wizards
  A mummy (D:7)
  Robin (D:4)
  37 gnolls
  8 adders
  2 shadow imps
  2 white imps
  2 ufetubi
  A worm (D:2)
  A dart slug (D:4)
  38 orcs
  6 ball pythons
  6 endoplasms
  A giant cockroach (D:3)
  11 goblins
  7 hobgoblins
  5 quokkas
  5 bats
  2 frilled lizards (D:3)
  27 kobolds
  A rat (D:3)
382 creatures vanquished.

Vanquished Creatures (others)
  A bush (D:5)
  4 plants (D:9)
5 creatures vanquished.

Grand Total: 387 creatures vanquished

Notes
Turn   | Place    | Note
-------+----------+-------------------------------------------
     0 | D:1      | cbfl8 the Minotaur Berserker began the quest for the Orb.
     0 | D:1      | Reached XP level 1. HP: 19/19 MP: 0/0
    65 | D:1      | Found a faded altar of an unknown god.
   533 | D:1      | Reached XP level 2. HP: 27/27 MP: 1/1
  1203 | D:2      | Reached skill level 4 in Fighting
  1497 | D:2      | Reached XP level 3. HP: 33/33 MP: 2/2
  2189 | D:3      | Reached skill level 1 in Polearms
  2190 | D:3      | Reached ** piety under Trog
  2191 | D:3      | Reached XP level 4. HP: 31/40 MP: 3/3
  2586 | D:3      | Identified the +2 ring mail "Ashio" {Rampage Str+4}
  2984 | D:4      | Reached XP level 5. HP: 45/47 MP: 4/4
  3255 | D:4      | Noticed Robin
  3266 | D:4      | Killed Robin
  3269 | D:4      | Reached XP level 6. HP: 13/53 MP: 5/5
  3644 | D:4      | Reached skill level 5 in Fighting
  3729 | D:4      | Found an ornate altar of the Wu Jian Council.
  3729 | D:4      | Found a basalt altar of Yredelemnul.
  3775 | D:4      | Noticed Eustachio
  3785 | D:4      | Killed Eustachio
  3786 | D:4      | Reached skill level 5 in Armour
  3786 | D:4      | Reached skill level 1 in Stealth
  4059 | D:5      | Entered Level 5 of the Dungeon
  4065 | D:5      | Reached XP level 7. HP: 61/61 MP: 6/6
  4343 | D:5      | Reached skill level 6 in Fighting
  4483 | D:5      | Noticed Dowan
  4493 | D:5      | Killed Dowan
  4494 | D:5      | Reached skill level 5 in Polearms
  4494 | D:5      | Reached *** piety under Trog
  4678 | D:6      | Reached XP level 8. HP: 51/71 MP: 7/7
  4957 | D:5      | Found a staircase to the Ecumenical Temple.
  5103 | D:5      | Noticed Duvessa
  5113 | D:5      | Killed Duvessa
  5443 | D:5      | Reached skill level 7 in Fighting
  5632 | D:5      | Reached skill level 5 in Dodging
  5780 | D:6      | Noticed Menkaure
  5791 | D:6      | Killed Menkaure
  5792 | D:6      | Reached skill level 1 in Evocations
  5830 | D:6      | Noticed Grinder
  5838 | D:6      | Killed Grinder
  5839 | D:6      | Reached XP level 9. HP: 80/80 MP: 8/8
  5958 | D:6      | Reached skill level 8 in Fighting
  6313 | D:6      | Found a shimmering blue altar of Sif Muna.
  7268 | D:7      | Noticed Joseph
  7280 | D:7      | Reached **** piety under Trog
  7287 | D:7      | Killed Joseph
  7673 | D:7      | Found a snail-covered altar of Cheibriados.
  7903 | D:7      | Reached XP level 10. HP: 90/90 MP: 9/9
  8470 | D:8      | Found a runed translucent gate.
  8470 | D:8      | Found a runed translucent gate.
  8477 | D:8      | Found a runed translucent gate.
  8499 | D:8      | You fall into a shaft and drop 3 floors!
  8503 | D:10     | Entered Level 10 of the Dungeon
  8503 | D:10     | Noticed Nergalle
  8503 | D:10     | Found Xitziwk's Antique Armour Shoppe.
  8510 | D:10     | Killed Nergalle
  8511 | D:10     | Reached skill level 10 in Polearms
  8709 | D:9      | Reached skill level 9 in Fighting
  8777 | D:9      | Found a staircase to the Orcish Mines.
  8779 | D:9      | Found a flagged portal.
  8787 | D:9      | Identified the +4 halberd of cbfl8's Dismemberment {pain,
                  | *Slow +Blink rF+ Dex+6}
  8799 | Bailey   | Entered a bailey
  9477 | Bailey   | Identified the +11 mace "Spider's Curse" {elec, Will+}
  9517 | Bailey   | Reached skill level 1 in Shields
 10026 | D:8      | Noticed a white ugly thing
 10026 | D:8      | Noticed a green ugly thing
 10027 | D:8      | Noticed a cyan ugly thing
 10027 | D:8      | Noticed a red ugly thing
 10028 | D:8      | Noticed a red ugly thing
 10051 | D:8      | Reached ***** piety under Trog
 10215 | D:8      | Reached skill level 1 in Maces & Flails
 10298 | D:8      | Reached XP level 11. HP: 86/86 MP: 10/10
 10445 | D:8      | Noticed Gastronok
 10542 | D:8      | Killed Gastronok
 10543 | D:8      | Reached skill level 10 in Fighting
 10942 | D:8      | Noticed Maurice
 10949 | D:8      | Killed Maurice
 10950 | D:8      | Reached skill level 5 in Evocations
 11481 | D:9      | Reached skill level 10 in Armour
 11529 | D:9      | Found a transporter.
 11529 | D:9      | Noticed a two-headed ogre
 11530 | D:9      | Noticed a two-headed ogre
 11530 | D:9      | Noticed a two-headed ogre
 11606 | D:9      | Identified the +7 giant club of Kismet {flame, rElec rC++
                  | Will+ Stlth+}
 11606 | D:9      | Noticed a two-headed ogre
 11608 | D:9      | Noticed frimble's ghost (novice DsHW)
 11611 | D:9      | Found a transporter.
 11613 | D:9      | Noticed a two-headed ogre
 11625 | D:9      | Killed a two-headed ogre
 11876 | D:9      | Found a staircase to the Lair.
 12287 | D:9      | Found Lythram's Book Shop.
 12342 | D:9      | Reached skill level 5 in Axes
 12545 | D:10     | Received a gift from Trog
 12618 | D:10     | Found a bloodstained altar of Trog.
 12735 | D:10     | Found Xeocvut's Antique Weapon Emporium.
 12758 | D:10     | Found Durieliu's Antique Armour Shoppe.
 13054 | D:10     | Found Kyon's Assorted Antiques.
 13115 | D:10     | Bought a scroll of identify for 46 gold pieces
 13115 | D:10     | Bought a potion of curing for 69 gold pieces
 13481 | D:10     | Found Upsupp's General Store.
 14071 | D:11     | Noticed a boulder beetle
 14083 | D:11     | Killed a boulder beetle
 14297 | D:11     | Noticed a boulder beetle
 14323 | D:11     | Killed a boulder beetle
 14421 | D:11     | Noticed a two-headed ogre
 14427 | D:11     | Killed a two-headed ogre
 14428 | D:11     | Reached XP level 12. HP: 84/108 MP: 11/11
 14432 | D:11     | Reached skill level 11 in Fighting
 15053 | D:12     | Noticed a two-headed ogre
 15062 | D:12     | Killed a two-headed ogre
 15205 | D:12     | Found an opulent altar of Gozag.
 15564 | D:12     | Noticed a two-headed ogre
 15569 | D:12     | Killed a two-headed ogre
 16553 | D:13     | Upgraded the game from 0.29-a0-925-g0a7a3d12f8 to
                  | 0.29-a0-973-gac7da5f7f0
 16812 | D:13     | Received a gift from Trog
 17126 | D:13     | Noticed a boulder beetle
 17140 | D:13     | Killed a boulder beetle
 17141 | D:13     | Reached skill level 10 in Axes
 17327 | D:13     | Noticed a four-headed hydra
 17333 | D:13     | Killed a six-headed hydra
 17334 | D:13     | Reached skill level 12 in Fighting
 17371 | D:13     | Noticed a boulder beetle
 17397 | D:13     | Killed a boulder beetle
 17904 | D:13     | Identified the +2 scale mail "Ygarhes" {rElec Dex+4 Slay+2}
 17980 | D:13     | Noticed a centaur warrior
 17987 | D:13     | Killed a centaur warrior
 18310 | D:13     | Reached XP level 13. HP: 117/119 MP: 12/12
 18354 | D:13     | Reached skill level 10 in Dodging
 18553 | D:13     | Found a gate to the Vaults.
 19336 | D:14     | HP: 5/119 [meliai/divine providence (11)]
 19336 | D:14     | Killed from afar by a meliai

Illustrated notes

Levels and vault maps discovered:
D:1:      nagdon_arrival_zigzag_paths, layout_loops_ring,
          ebering_ecumenical_altar_petrified
D:2:      layout_basic
D:3:      layout_basic, minmay_box_of_dots
D:4:      layout_loops_ring, gammafunk_temple_overflow_pools, uniq_eustachio,
          uniq_robin
D:5:      layout_cave_pools, minmay_temple_entry_fiery,
          kb_lookout_dungeons_type, uniq_duvessa
D:6:      layout_cave_pools, mainiacjoe_overflow_small_starburst,
          supply_closet_lemuel, chequers_serial_rivers_room_b,
          chequers_decorated_corner, fountainhead, uniq_menkaure, uniq_grinder
D:7:      layout_loops_ring, slow_altar_2, uniq_joseph
D:8:      layout_layer_cave, serial_glass, glass_columns_a, glass_columns_c,
          ploomutoo_gammafunk_ghost_potion_laboratory, uniq_maurice,
          uniq_gastronok
D:9:      layout_loops_ring, erik_lair_orcish_takeover, enter_bailey_2,
          gammafunk_ghost_smash, serial_shops, shop_fountains
D:10:     layout_irregular_city, old_standard_altar, serial_column_ruins,
          column_ruins_square_large, column_ruins_grid_1, column_ruins_grid_1,
          column_ruins_grid_1, column_ruins_open_tiny, column_ruins_grid_1,
          column_ruins_columns_corner, serial_shops,
          nicolae_inconvenience_store, nicolae_square_shop,
          nicolae_lakefront_shop, shop, kennysheep_mini, uniq_nergalle
D:11:     layout_basic, minmay_checkerbox
D:12:     layout_roguey, nicolae_gozag_seed_capital
D:13:     layout_basic, grunt_vaults_entry_tiered, dreamdust_princess_corridor,
          corexii_mini_fake_secret_closet
D:14:     layout_roguey, nicolae_twisting_strands, nicolae_burly_brawl,
          uniq_josephine

Skill      XL: |  1  2  3  4  5  6  7  8  9 10 11 12 13 |
---------------+----------------------------------------+-----
Axes           | 4 7 10 11 | 11.8
Fighting       | 4 5 6 7 8 9 10 12 | 12.7
Polearms       | 1 2 3 5 7 9 10 | 10.6
Armour         | 3 4 5 7 8 9 10 11 | 11.8
Dodging        | 3 4 5 6 7 9 10 | 10.2
Stealth        | 1 2 |  2.1
Evocations     | 1 2 4 5 7 |  7.4
Shields        | 2 |  2.3
Maces & Flails | 1 3 |  3.6

Action                   |  1- 3 |  4- 6 |  7- 9 | 10-12 | 13-15 || total
-------------------------+-------+-------+-------+-------+-------++-------
Melee: Hand axe          |    18 |       |       |       |       ||    18
       Headbutt          |     8 |    16 |    47 |   131 |     7 ||   209
       Spear             |    43 |    78 |   262 |   173 |       ||   556
       Mace              |       |       |       |    71 |       ||    71
       Battleaxe         |       |       |       |   291 |    36 ||   327
Invok: Berserk           |       |     2 |     4 |    11 |     1 ||    18
       Trog's Hand       |       |       |     1 |       |       ||     1
Evoke: Wand              |       |       |       |     8 |     4 ||    12
  Use: Scroll            |       |     5 |     3 |     9 |       ||    17
       Potion            |       |     3 |       |     1 |     1 ||     5
 Stab: Sleeping          |     1 |       |       |       |       ||     1
Armor: Ring mail         |    11 |       |       |       |       ||    11
       Chain mail        |    15 |    66 |   105 |    52 |       ||   238
       Storm dragon scal |       |       |       |   179 |    30 ||   209
       Skin              |       |       |       |     1 |       ||     1
Dodge: Dodged            |    24 |    61 |    93 |   342 |    24 ||   544
Block: Buckler           |       |       |     5 |    40 |       ||    45

Table legend: (Time is in decaauts)
 A = Elapsed time spent in this place.
 B = Non-inter-level travel time spent in this place.
 C = Inter-level travel time spent in this place.
 D = Time resting spent in this place.
 E = Time spent auto-exploring this place.
 F = Levels seen in this place.
 G = Mean time per level.
                   A        B        C        D        E       F      G
               +--------+--------+--------+--------+--------+-----+--------+
         Total |  19441 |  18797 |    644 |   5848 |   9385 |  15 | 1296.1 |
       Dungeon |  18253 |  17609 |    644 |   5258 |   9304 |  14 | 1303.8 |
        Bailey |   1187 |   1187 |      0 |    590 |     81 |   1 | 1187.0 |
               +--------+--------+--------+--------+--------+-----+--------+

Top non-repeatable levels by time:
    D:13: 2513 daAuts
     D:8: 1702 daAuts
     D:6: 1525 daAuts
    D:12: 1504 daAuts
    D:11: 1368 daAuts
     D:9: 1291 daAuts
    D:10: 1291 daAuts
     D:7: 1239 daAuts
     D:3: 1197 daAuts
     D:5: 1188 daAuts
  Bailey: 1187 daAuts
     D:4: 1106 daAuts
     D:2: 1017 daAuts
     D:1: 983 daAuts
    D:14: 324 daAuts
